 Dungeon Crawl Stone Soup version 0.31-a0-640-g39d97e502b (webtiles) character file.

Game seed: 8126155259957810618

141 qw the Shooter (level 5, -6/32 HPs)
             Began as a Gargoyle Hunter on Aug 27, 2023.
             Mangled by an ogre
             ... wielding a +0 giant club
              (18 damage)
             ... on level 4 of the Dungeon.
             The game lasted 00:01:06 (2607 turns).

qw the Shooter (Gargoyle Hunter)                    Turns: 2607, Time: 00:01:06

Health: -6/32      AC: 10    Str: 15    XL:     5   Next: 24%
Magic:  5/5        EV: 11    Int:  9    God:
Gold:   153        SH:  0    Dex: 21    Spells: 4/4 levels left

rFire   . . .        Y - +0 shortbow
rCold   . . .        (shield currently unavailable)
rNeg    + . .        d - +0 ring mail
rPois   inf          (no helmet)
rElec   +            (no cloak)
rCorr   .            (no gloves)
SInv    .            g - +0 pair of boots
Will    +....        (no amulet)
Stlth   +            i - ring of willpower
HPRegen 0.25/turn    f - +6 ring of dexterity
MPRegen 0.09/turn

%: no passive effects
@: no status effects
A: sickness immunity, AC +4, negative energy resistance 1, electricity
resistance, torment resistance 1, petrification resistance
a: no special abilities


You were on level 4 of the Dungeon.
You visited 2 branches of the dungeon, and saw 5 of its levels.

You collected 153 gold pieces.


Innate Abilities, Weirdness & Mutations

You are immune to sickness and miasma.
Your stone body is resilient. (AC +4)
You are immune to poison.
You resist negative energy. (rN+)
You are resistant to electric shocks. (rElec)
You are resistant to unholy torment.
You are immune to petrification.


   Skills:
 - Level 3.0 Fighting
 + Level 5.9 Ranged Weapons
 - Level 1.0 Armour
 - Level 1.5 Dodging
 - Level 1.1 Stealth


You had 4 spell levels left.
You didn't know any spells.
Your spell library was empty.

Inventory:

Hand Weapons
 Y - a +0 shortbow (weapon)
Armour
 d - a +0 ring mail (worn)
 g - a +0 pair of boots (worn)
Jewellery
 c - a ring of resist corrosion
 f - a +6 ring of dexterity (right hand)
 i - a ring of willpower (left hand)
Scrolls
 j - 2 scrolls of identify
 k - a scroll of teleportation
Potions
 a - a potion of enlightenment
 b - a potion of curing {unknown}
 e - a potion of haste
 m - a potion of berserk rage {unknown}

Dungeon Overview and Level Annotations

Branches:
Dungeon (4/15)             Temple (1/1) D:4

Altars:
Ashenzari
Fedhas
Gozag
Makhleb
Sif Muna
Trog
Xom
Yredelemnul
The Shining One
Lugonu

Shops:
D:1 (   D:2 :   D:4 (

Portals:
Abyss: D:3


Message History

You shoot an arrow. The arrow closely misses the jackal.
You shoot an arrow. The arrow hits the jackal.
You kill the jackal!
Found a book of Weapons.
A jackal comes into view.
You shoot an arrow. The arrow hits the jackal!
You kill the jackal!
A gnoll comes into view. It is wielding a +0 club.
Found 2 sapphire potions.
A gnoll comes into view. It is wielding a +0 halberd.
You shoot an arrow. The arrow hits the gnoll.
The gnoll is lightly wounded.
An ogre comes into view. It is wielding a +0 giant club.
Enter note:
Enter note:
2596 ||| RETREATING.
The ogre shouts!
You hear a shout!
You shoot an arrow. The arrow hits the gnoll!
The gnoll is heavily wounded.
A gnoll comes into view. It is wielding a +0 flail.
You shoot an arrow. The arrow hits the ogre.
The ogre is lightly wounded.
An endoplasm comes into view.
Enter note:
Enter note:
Enter note:
Enter note: You shoot an arrow.
The arrow barely misses the ogre.
You shoot an arrow. The arrow hits the ogre.
The ogre is moderately wounded.
Enter note:
Enter note:
2606 ||| Stepping ~*~*~tactically~*~*~ (retreating).
The gnoll hits you with a +0 halberd. The ogre hits you with a +0 giant club!
Enter note: You shoot an arrow.
The arrow hits the gnoll!
You kill the gnoll!
The ogre hits you with a +0 giant club!!
Ouch! That really hurt!
You die...

........## #.#
#.#%#.#.# #.#######
#......# #........
#......# #####....
###..O...# #....
....g.g...#####
#....
.....####g....###
#.... ...g.
#.g...)..# #....
...! #O@.%....##
#.<.. ...
#.........# #....
J..
#..?...%..#####....
#:...............##
#........#######..#
..........########.#
......#####........#
......# #.........
......# #......\..


You could see an ogre and 2 gnolls.

Vanquished Creatures
  Ijyb (D:3)
  A gnoll (D:4)
  2 adders (D:3)
  A dart slug (D:2)
  3 worms
  2 orcs (D:3)
  6 ball pythons
  3 endoplasms
  3 giant cockroaches
  10 hobgoblins
  6 jackals
  8 kobolds
  4 quokkas
  7 bats
  2 frilled lizards (D:2)
  11 goblins
  7 rats
  A lurking horror (D:3)
78 creatures vanquished.

Notes
Turn   | Place    | Note
-------+----------+-------------------------------------------
     0 | D:1      | qw the Gargoyle Hunter began the quest for the Orb.
     0 | D:1      | Reached XP level 1. HP: 12/12 MP: 1/1
     0 | D:1      | 0 ||| qw: Version: 0.3-a-74-g0d5e918
     0 | D:1      | 0 ||| qw: Game counter: 81
     0 | D:1      | 0 ||| qw: Melee chars always use a shield: true
     0 | D:1      | 0 ||| qw: God list: Okawaru
     0 | D:1      | 0 ||| qw: Allow faded altars: false
     0 | D:1      | 0 ||| qw: Do Orc after clearing Dungeon:15 true
     0 | D:1      | 0 ||| qw: Do second Lair branch before Depths: true
     0 | D:1      | 0 ||| qw: Lair rune preference: random
     0 | D:1      | 0 ||| qw: Goals: Normal
     0 | D:1      | 0 ||| PLANNING D:1-11
   234 | D:1      | Found Nol Selagi's Weapon Shop.
   251 | D:1      | Reached XP level 2. HP: 17/17 MP: 2/2
   778 | D:1      | Reached XP level 3. HP: 21/21 MP: 3/3
   853 | D:1      | Reached skill level 5 in Ranged Weapons
   871 | D:1      | 871 ||| UPGRADING to +0 ring mail.
   881 | D:1      | 881 ||| DROPPING +0 leather armour.
   882 | D:1      | 882 ||| UPGRADING to +0 pair of boots.
   887 | D:1      | 887 ||| UPGRADING to ring of resist corrosion.
   888 | D:1      | 888 ||| READING 4 scrolls labelled VOFEGOCWIUCS.
   889 | D:1      | 889 ||| READING 2 scrolls labelled KOJ YSAPEUDD.
   890 | D:1      | 890 ||| READING scroll labelled VUCWABUALE.
   894 | D:1      | 894 ||| DROPPING 3 scrolls of blinking.
   895 | D:1      | 895 ||| DROPPING scroll of butterflies.
   896 | D:1      | 896 ||| DROPPING scroll of noise.
   928 | D:2      | Found Sollitz Boet's Book Shoppe.
  1110 | D:2      | Reached skill level 1 in Armour
  1425 | D:2      | Reached XP level 4. HP: 23/27 MP: 4/4
  1457 | D:2      | Reached skill level 3 in Fighting
  1581 | D:2      | 1581 ||| UPGRADING to +6 ring of dexterity.
  1582 | D:2      | 1582 ||| UPGRADING to ring of willpower.
  1584 | D:2      | 1584 ||| READING scroll labelled SONAN FIFIUWYR.
  1585 | D:2      | 1585 ||| READING 2 scrolls labelled NEARRU SIAFY.
  1586 | D:2      | 1586 ||| DRINKING 2 blue potions.
  1606 | D:3      | Found a faded altar of an unknown god.
  1733 | D:3      | Found a one-way gate to the infinite horrors of the Abyss.
  1734 | D:3      | Found a corrupted altar of Lugonu.
  2171 | D:3      | Noticed Ijyb
  2183 | D:3      | Paralysed by Ijyb for 4 turns
  2196 | D:3      | Killed Ijyb
  2197 | D:3      | Reached XP level 5. HP: 27/32 MP: 5/5
  2226 | D:3      | Found a burning altar of Makhleb.
  2279 | D:3      | 2279 ||| DROPPING ring of wizardry.
  2280 | D:3      | 2280 ||| READING scroll labelled TESANA LUPSA.
  2303 | D:3      | 2303 ||| READING scroll labelled ANUVVYMOLL.
  2304 | D:3      | 2304 ||| READING 2 scrolls of identify.
  2304 | D:3      | 2304 ||| IDENTIFYING bubbling puce potion
  2401 | D:4      | 2401 ||| Stepping ~*~*~tactically~*~*~ (outnumbered).
  2401 | D:4      | Found a staircase to the Ecumenical Temple.
  2402 | D:4      | 2402 ||| PLANNING TEMPLE
  2405 | D:4      | 2405 ||| READING scroll labelled FOZOKHL GURAOP.
  2507 | Temple   | Entered the Ecumenical Temple
  2508 | Temple   | 2508 ||| PLANNING D:1-11
  2550 | D:4      | Found Molac's Antique Weapon Emporium.
  2595 | D:4      | Noticed an ogre
  2596 | D:4      | 2596 ||| RETREATING.
  2606 | D:4      | 2606 ||| Stepping ~*~*~tactically~*~*~ (retreating).
  2607 | D:4      | Mangled by an ogre

Levels and vault maps discovered:
D:1:      roderic_octagonal_star, layout_loops_corners, serial_shops,
          nicolae_shop_bloodbath_and_beyond
D:2:      layout_basic, serial_shops, shop, minmay_increasing_density
D:3:      layout_loops_cross, lightli_temple_of_fire,
          ebering_ecumenical_altar_sacrificial,
          amcnicky_altar_lugonu_corruption, uniq_ijyb
D:4:      layout_basic, minmay_temple_entry_tees, serial_shops, shop,
          st_stairs_11
Temple:   hellmonk_temple_two_chambers

Skill      XL: |  1  2  3  4 |
---------------+-------------+-----
Ranged Weapons | 5 |  5.9
Armour         | 1 |  1.0
Fighting       | 3 |  3.0
Dodging        | |  1.5
Stealth        | |  1.1

Action                     |  1- 3 |  4- 6 || total
---------------------------+-------+-------++-------
   Fire: Shortbow          |   125 |   114 ||   239
    Use: Scroll            |     3 |     6 ||     9
         Potion            |       |     1 ||     1
 Armour: Leather armour    |     8 |       ||     8
         Ring mail         |     6 |    17 ||    23
  Dodge: Dodged            |    32 |    25 ||    57

Table legend:
 A = Non-vault XP
 B = Vault XP
 C = Vault XP percentage of total XP
 D = Non-vault monster count
 E = Vault monster count
 F = Vault count percentage of total count
                 A         B        C        D         E       F
            +---------+---------+-------+---------+---------+-------
      Total |     166 |      50 |  23.1 |      69 |       8 |  10.4
            +---------+---------+-------+---------+---------+-------
        D:1 |      39 |       0 |   0.0 |      23 |       0 |   0.0
        D:2 |      33 |      14 |  29.8 |      17 |       7 |  29.2
        D:3 |      63 |      36 |  36.4 |      19 |       1 |   5.0
        D:4 |      31 |       0 |   0.0 |      10 |       0 |   0.0
            +---------+---------+-------+---------+---------+-------
